 Dungeon Crawl Stone Soup version 0.27.0-1-g7a089689b8 (webtiles) character file.

Game seed: 3362742741954581003

10035 SnakkuSnakku7 the Cleaver (level 11, 0/75 HPs)
             Began as a Vampire Hedge Wizard on Aug 13, 2021.
             Was a Follower of Kikubaaqudgha.
             Succumbed to a black mamba's poison
             ... on level 1 of the Lair of Beasts.
             The game lasted 00:22:19 (11645 turns).

SnakkuSnakku7 the Cleaver (Vampire Hedge Wizard)   Turns: 11645, Time: 00:22:20

Health: 0/75       AC: 13    Str: 18    XL:     11   Next: 30%
Magic:  2/15       EV:  8    Int: 18    God:    Kikubaaqudgha [*.....]
Gold:   131        SH:  5    Dex: 13    Spells: 16/16 levels left

rFire    . . .     SeeInvis +   a - +2 war axe (flame)
rCold    . . .     Faith    .   G - +0 buckler
rNeg     . . .     Spirit   +   d - +0 chain mail {Will+}
rPois    .         Reflect  .   c - +0 hat
rElec    .         Harm     .   q - +2 cloak
rCorr    .         Rampage  .   u - +0 pair of gloves
Will     ++...                  (no boots)
Stlth    ..........             e - amulet of guardian spirit
HPRegen  0.42/turn              v - +6 ring of strength
MPRegen  0.14/turn              (no ring)

@: lethally poisoned (0 -> -19), about to teleport, healing quickly
A: alive, fangs 3, see invisible, vampiric 2
a: Exsanguinate, Renounce Religion, Receive Corpses


You were on level 1 of the Lair of Beasts.
You worshipped Kikubaaqudgha.
Kikubaaqudgha was aware of your devotion.
You visited 3 branches of the dungeon, and saw 12 of its levels.
You also visited: Sewer.

You collected 600 gold pieces.
You spent 469 gold pieces at shops.

Inventory:

Hand Weapons
 a - a +2 war axe of flaming (weapon)
Armour
 c - a +0 hat (worn)
 d - a +0 chain mail of willpower (worn)
 q - a +2 cloak (worn)
 u - a +0 pair of gloves (worn)
 G - a +0 buckler (worn)
Jewellery
 e - an amulet of guardian spirit (around neck)
 h - a ring of ice
 v - a +6 ring of strength (left hand)
Wands
 y - a wand of iceblast (5)
 A - a wand of digging (3)
 D - a wand of polymorph (11)
Scrolls
 i - 2 scrolls of enchant armour
 j - a scroll of holy word {unknown}
 l - 3 scrolls of immolation
 m - a scroll of vulnerability {unknown}
 o - 3 scrolls of enchant weapon {unknown}
 s - 9 scrolls of teleportation
 x - 2 scrolls of amnesia
 C - a scroll of brand weapon {unknown}
 E - 2 scrolls of magic mapping
 F - 3 scrolls of identify
Potions
 b - a potion of lignification {unknown}
 g - 7 potions of curing
 k - a potion of mutation {unknown}
 r - a potion of haste
 t - a potion of flight {unknown}
 w - a potion of cancellation
 B - a potion of attraction {unknown}


   Skills:
 - Level 3.4 Fighting
 - Level 1.0 Long Blades
 + Level 14.1 Axes
 - Level 3.2 Armour
 - Level 2.1 Dodging
 - Level 3.0 Stealth
 - Level 4.0 Shields
 - Level 3.0 Spellcasting
 - Level 0.6 Conjurations
 - Level 1.0 Summonings
 - Level 0.7 Translocations


You had 16 spell levels left.
You didn't know any spells.
Your spell library contained the following spells:

 Spells                   Type           Power      Damage    Failure   Level
 Magic Dart               Conj           16%        1d3       86%         1
 Animate Skeleton         Necr           4%         N/A       91%         1
 Pain                     Necr           8%         1d4       91%         1
 Call Imp                 Summ           6%         N/A       91%         2
 Blink                    Tloc           N/A        N/A       94%         2
 Corpse Rot               Necr/Air       N/A        N/A       97%         2
 Poisonous Vapours        Pois/Air       4%         N/A       97%         2
 Slow                     Hex            2%         N/A       97%         2
 Wereblood                Tmut           2%         N/A       97%         2
 Conjure Flame            Conj/Fire      3%         6-21      99%         3
 Gell's Gravitas          Tloc           2%         N/A       99%         3
 Mephitic Cloud           Conj/Pois/Air  3%         N/A       99%         3
 Teleport Other           Tloc           5%         N/A       99%         3
 Vampiric Draining        Necr           1%         2d6       99%         3
 Animate Dead             Necr           1%         N/A       100%        4
 Borgnjor's Vile Clutch   Necr/Erth      1%         N/A       100%        5
 Death Channel            Necr           1%         N/A       100%        6
 Dispersal                Tloc           2%         N/A       100%        6
 Eringya's Noxious Bog    Tmut/Pois      1%         N/A       100%        6
 Summon Hydra             Summ           3%         N/A       100%        7
 Disjunction              Tloc           2%         N/A       100%        8
 Sublimation of Blood     Necr           Unusable   N/A       N/A         2

Dungeon Overview and Level Annotations

Branches:
Dungeon (10/15)            Temple (1/1) D:7            Lair (1/6) D:9
  Sewer (visited)
    Orc: D:9-12

Altars:
Cheibriados
Dithmenos
Elyvilon
Fedhas
Gozag
Hepliaklqana
Kikubaaqudgha
Okawaru
Qazlal
Ru
Sif Muna
Trog
Uskayaw
Vehumet
Wu Jian
Yredelemnul
Zin
The Shining One

Shops:
D:4 ((?[   D:6 =   D:10 :

Annotations:
D:7 2 transporters, Houndtax's ghost, novice MfGl


Innate Abilities, Weirdness & Mutations

Your natural rate of healing is accelerated.
You have razor-sharp teeth.
You have supernaturally acute eyesight. (SInv)
You are afflicted with vampirism and can become a bat while bloodless.


Message History

The black mamba barely misses you.
You slash the black mamba! You burn the black mamba.
The black mamba is heavily wounded.
The black mamba bites you. x2
You hit the black mamba. You burn the black mamba.
The black mamba is heavily wounded.
You block the black mamba's attack. The black mamba bites you!
You are poisoned.
The black mamba poisons you!
You miss the black mamba.
The black mamba is heavily wounded.
You feel very sick. You block the black mamba's attack.
You barely miss the black mamba.
The black mamba is heavily wounded.
You slash the yak! You burn the yak.
You feel very sick. The black mamba closely misses you.
The yak barely misses you. The black mamba closely misses you.
You are too injured to fight recklessly!
You feel very sick.
Unknown command.
You miss the black mamba. Your bite misses the black mamba.
The black mamba is heavily wounded.
You hit the yak. You burn the yak.
You feel sick.
The black mamba bites you but does no damage.
The black mamba bites you! The yak gores you.
* * * LOW HITPOINT WARNING * * *
Unknown command.
As you read the scroll of teleportation, it crumbles to dust.
You feel strangely unstable.
You feel sick. The black mamba barely misses you. The yak barely misses you.
The black mamba bites you!
* * * LOW HITPOINT WARNING * * *
You are lethally poisoned!
The black mamba poisons you!
* * * LOW HITPOINT WARNING * * *
You feel very sick. The black mamba closely misses you.
You die...
Kikubaaqudgha rasps: "You have failed me!
Welcome... death!"

#..### .
#..#.####..#.#
#............
##..††.......
#...........# #..##
##..........# #...#
#...†......# #...#
##..........# #...
#.......@...# ##..#
##...>......# P..#
#P.......YS.# ###..#
##.......Y..###.#..#
#..........YY.....##
#..........Y.Y.....#
.............##....##
..[..........#####..##
###..........# #...#


You could see a black mamba and 6 yaks.

Vanquished Creatures
  2 two-headed ogres
  Joseph (D:8)
  A cane toad (Lair:1)
  Maggie (D:6)
  Sigmund (D:3)
  22 yaks
  4 wyverns (D:8)
  2 steam dragons (D:8)
  An acid dragon (D:6)
  8 water moccasins
  An orc warrior (D:8)
  3 black bears
  An ice beast (D:7)
  2 sky beasts
  A necrophage (D:7)
  3 ogres
  5 centaurs
  A phantom (D:5)
  A scorpion (D:7)
  A gnoll sergeant (D:9)
  6 bullfrogs
  A water moccasin skeleton (D:5)
  A centaur zombie (D:9)
  A bullfrog zombie (D:6)
  2 hounds
  An orc priest (D:8)
  A gnoll shaman (D:6)
  2 jellies
  Crazy Yiuf (D:2)
  A centaur skeleton (D:6)
  An iguana (D:6)
  3 orc wizards
  A hound skeleton (D:4)
  A howler monkey zombie (D:9)
  14 gnolls
  8 adders
  2 river rats (D:5)
  A shadow imp (D:6)
  2 white imps
  An ufetubus (D:7)
  An adder skeleton (D:4)
  7 worms
  5 dart slugs
  19 orcs
  14 endoplasms
  11 giant cockroaches
  9 goblins
  8 hobgoblins
  6 jackals (D:1)
  10 quokkas
  16 ball pythons
  A bat (D:3)
  20 frilled lizards
  A jackal skeleton (D:4)
  9 kobolds
  6 rats
256 creatures vanquished.

Vanquished Creatures (others)
  A fungus (Lair:1)
  3 plants (D:9)
4 creatures vanquished.

Grand Total: 260 creatures vanquished

Notes
Turn   | Place    | Note
-------+----------+-------------------------------------------
     0 | D:1      | SnakkuSnakku7 the Vampire Hedge Wizard began the quest for
                  | the Orb.
     0 | D:1      | Reached XP level 1. HP: 13/13 MP: 4/4
   155 | D:1      | Reached skill level 1 in Fighting
   264 | D:1      | Reached XP level 2. HP: 16/21 MP: 6/6
   728 | D:2      | Gained mutation: You are afflicted with vampirism and can
                  | become a bat while bloodless. [Vampire growth]
   728 | D:2      | Reached XP level 3. HP: 19/28 MP: 7/7
  1390 | D:2      | Found a faded altar of an unknown god.
  1436 | D:2      | Found a runed translucent door.
  1437 | D:2      | Noticed Crazy Yiuf
  1476 | D:3      | Noticed Sigmund
  1647 | D:2      | Reached XP level 4. HP: 26/35 MP: 8/8
  1880 | D:3      | Found an opulent altar of Gozag.
  1927 | D:3      | Reached skill level 1 in Long Blades
  2357 | D:3      | Reached skill level 1 in Axes
  2502 | D:2      | Killed Crazy Yiuf
  2503 | D:2      | Reached XP level 5. HP: 19/41 MP: 9/9
  2578 | D:3      | Killed Sigmund
  2579 | D:3      | Reached skill level 3 in Axes
  2579 | D:3      | Reached XP level 6. HP: 30/47 MP: 10/10
  2609 | D:4      | Noticed a sky beast
  2619 | D:4      | Killed a sky beast
  2620 | D:4      | Reached skill level 4 in Axes
  2688 | D:4      | Found Anwur's Magic Scroll Shop.
  2696 | D:4      | Bought a scroll of teleportation for 33 gold pieces
  2696 | D:4      | Bought a scroll of identify for 22 gold pieces
  2748 | D:4      | Reached skill level 5 in Axes
  2843 | D:4      | Reached XP level 7. HP: 49/52 MP: 11/11
  2849 | D:4      | Found Umaohoask's Antique Weapon Boutique.
  3082 | D:4      | Found Hauprahueng's Antique Armour Shop.
  3124 | D:4      | Found Rattuc's Weapon Boutique.
  3374 | D:4      | Bought a scroll of teleportation for 33 gold pieces
  3383 | D:5      | Entered Level 5 of the Dungeon
  3498 | D:5      | Found a glowing drain.
  3682 | D:5      | Reached skill level 6 in Axes
  3926 | D:5      | Reached skill level 7 in Axes
  4092 | D:5      | Noticed a yak
  4094 | D:5      | Noticed a yak
  4096 | D:5      | Noticed a yak
  4098 | D:5      | Noticed a yak
  4102 | D:5      | Noticed a yak
  4112 | D:5      | Killed a yak
  4113 | D:5      | Reached XP level 8. HP: 47/58 MP: 12/12
  4150 | D:5      | Reached skill level 8 in Axes
  4193 | D:5      | Reached skill level 9 in Axes
  4648 | D:6      | Noticed Maggie
  4688 | D:6      | Found a shadowy altar of Dithmenos.
  4692 | D:6      | Found a stormy altar of Qazlal.
  4740 | D:6      | Found Sinyfed's Jewellery Shoppe.
  4770 | D:6      | Got Lowk's Papyrus of Displaced Venom
  4877 | D:6      | Found a glowing drain.
  4891 | Sewer    | Entered a sewer
  5118 | Sewer    | Reached skill level 10 in Axes
  5118 | Sewer    | Reached XP level 9. HP: 62/64 MP: 13/13
  5589 | D:7      | Found a blossoming altar of Fedhas.
  5632 | D:7      | Noticed Houndtax's ghost (novice MfGl)
  5632 | D:7      | Noticed a troll
  5635 | D:7      | Found a transporter.
  5641 | D:7      | Found a bloodstained altar of Trog.
  5669 | D:7      | Found a transporter.
  5693 | D:7      | Noticed a moth of wrath
  5860 | D:7      | Found a staircase to the Ecumenical Temple.
  5869 | Temple   | Entered the Ecumenical Temple
  5886 | Temple   | Became a worshipper of Kikubaaqudgha
  5987 | D:7      | Reached skill level 11 in Axes
  6886 | D:8      | Noticed a two-headed ogre
  6901 | D:8      | Killed a two-headed ogre
  6902 | D:8      | Reached skill level 12 in Axes
  6902 | D:8      | Reached XP level 10. HP: 70/70 MP: 14/14
  6983 | D:8      | Noticed Joseph
  7015 | D:8      | Killed Joseph
  7932 | D:8      | Reached skill level 13 in Axes
  8624 | D:9      | Found a staircase to the Lair.
  8673 | D:9      | Reached * piety under Kikubaaqudgha
  8673 | D:9      | Received a gift from Kikubaaqudgha
  8693 | D:9      | Noticed a two-headed ogre
  8701 | D:9      | Killed a two-headed ogre
  8702 | D:9      | Reached skill level 14 in Axes
  8922 | D:9      | Reached skill level 1 in Armour
  9365 | D:10     | Entered Level 10 of the Dungeon
  9365 | D:10     | Noticed a brown ugly thing
  9365 | D:10     | Noticed a tengu warrior
  9365 | D:10     | Noticed a six-headed hydra
  9366 | D:10     | Noticed a centaur warrior
  9369 | D:10     | Noticed a fire giant
  9391 | D:9      | Reached skill level 1 in Shields
  9549 | D:9      | Reached XP level 11. HP: 28/75 MP: 15/15
 10281 | D:10     | Found a basalt altar of Yredelemnul.
 10360 | D:10     | Noticed a deep elf pyromancer
 10471 | D:10     | Found Safy's Book Boutique.
 10808 | D:4      | Bought a glowing war axe for 156 gold pieces
 10872 | D:4      | Bought a shiny chain mail for 225 gold pieces
 11034 | D:6      | Killed Maggie
 11324 | Lair:1   | Entered Level 1 of the Lair of Beasts
 11645 | Lair:1   | Succumbed to a black mamba's poison

Illustrated notes

Levels and vault maps discovered:
D:1:      nicolae_arrival_washed_ashore, layout_basic
D:2:      layout_loops_ring, basic_ecumenical_altar, uniq_crazy_yiuf_cottage
D:3:      layout_loops_ring, mainiacjoe_overflow_tiny_flanked, uniq_sigmund
D:4:      layout_loops_ring, serial_shops, shop,
          nicolae_shop_temple_entry_statues_fountains, shop, shop
D:5:      layout_loops_cross, lightli_sewer_entry_pipes
D:6:      layout_cave_pools, gammafunk_temple_overflow_forgotten, serial_shops,
          shop_fountains, cheibrodos_sewer_entry_bend, feat_on_display,
          uniq_maggie
D:7:      layout_basic, fedhas_ov_isle_minmay, minmay_temple_entry_waves,
          gammafunk_ghost_wrathful_warriors, hangedman_decor_push
D:8:      layout_basic, uniq_joseph
D:9:      layout_cave_pods, mainiacjoe_overflow_concentric_impassable,
          minmay_lair_entry_grove, due_unseen_surprise
D:10:     layout_cave_pools, kennysheep_ying_yang, serial_shops,
          nicolae_shop_window_shopping, st_stairs_14,
          onia_ninara_dug_in_and_dangerous
Temple:   zaba_magenta_temple
Lair:1:   layout_small_grid, gammafunk_ghost_hydra_chop, hibernation_bobbens

Skill      XL: |  1  2  3  4  5  6  7  8  9 10 11 |
---------------+----------------------------------+-----
Fighting       | 1 2 3 |  3.4
Long Blades    | 1 |  1.0
Axes           | 1 3 5 7 10 12 14 | 14.1
Armour         | 1 3 |  3.2
Shields        | 2 4 |  4.0
Dodging        | |  2.1
Stealth        | |  3.0
Spellcasting   | |  3.0
Conjurations   | |  0.6
Summonings     | |  1.0
Translocations | |  0.7

Action                   |  1- 3 |  4- 6 |  7- 9 | 10-12 || total
-------------------------+-------+-------+-------+-------++-------
Melee: Whip              |   236 |     9 |       |       ||   245
       Bite              |    19 |    12 |    43 |    63 ||   137
       Hand axe          |       |    70 |   385 |   325 ||   780
       Falchion          |       |    15 |       |       ||    15
       War axe           |       |       |       |    51 ||    51
Evoke: Wand              |       |       |     9 |    10 ||    19
  Use: Scroll            |       |     6 |     9 |     4 ||    19
       Potion            |       |       |       |     2 ||     2
 Stab: Sleeping          |     6 |       |     2 |       ||     8
       Distracted        |     2 |     1 |       |       ||     3
       Paralysed         |       |       |     9 |    10 ||    19
Armor: Ring mail         |    66 |    42 |    60 |       ||   168
       Plate armour      |       |       |   200 |   161 ||   361
       Chain mail        |       |       |       |    21 ||    21
Dodge: Dodged            |   115 |    50 |   143 |    84 ||   392
Block: Buckler           |       |       |       |    12 ||    12
       Rpst.: Falchion   |       |     5 |       |       ||     5
